 Dungeon Crawl Stone Soup version 0.22-a0-479-gc6e99f3 (webtiles) character file.

32 Tallim the Chiller (level 3, -1/24 HPs)
             Began as a Merfolk Ice Elementalist on June 14, 2018.
             Slain by a kobold
             ... wielding a +0 short sword
              (6 damage)
             ... on level 1 of the Dungeon.
             The game lasted 00:04:42 (965 turns).

Tallim the Chiller (Merfolk Ice Elementalist)        Turns: 965, Time: 00:04:42

Health: -1/24      AC:  2    Str:  8    XL:     3   Next: 25%
Magic:  4/6        EV: 13    Int: 15    God:
Gold:   31         SH:  0    Dex: 14    Spells: 5/6 levels left

rFire    . . .     SeeInvis .   b - +0 spear
rCold    . . .     Gourm    .   (no shield)
rNeg     . . .     Faith    .   a - +0 robe
rPois    .         Spirit   .   (no helmet)
rElec    .         Reflect  .   (no cloak)
rCorr    .         Harm     .   (no gloves)
MR       .....                  (no boots)
Stlth    ++........             (no amulet)
HPRegen  0.08/turn              (no ring)
MPRegen  0.10/turn              (no ring)

@: no status effects
A: change form in water, swift swim, stealthy swim
a: no special abilities


You were on level 1 of the Dungeon.
You were not hungry.

You visited 1 branch of the dungeon, and saw 1 of its levels.

You collected 31 gold pieces.

Inventory:

Hand Weapons
 b - a +0 spear (weapon)
Armour
 a - a +0 robe (worn)
Jewellery
 g - an uncursed amulet of the acrobat {unknown}
Scrolls
 d - a scroll of fog {unknown}
 e - 2 scrolls of remove curse {unknown}
Comestibles
 c - a ration
 f - a chunk of flesh


   Skills:
 * Level 1.1 Polearms
 + Level 2.6 Dodging
 + Level 2.4 Stealth
 + Level 2.2 Spellcasting
   Level 0.7 Conjurations
 * Level 4.2 Ice Magic


You had 5 spell levels left.
You knew the following spells:

 Your Spells              Type           Power        Failure   Level  Hunger
a - Freeze                Ice            ##..         3%          1    #......

Your spell library contained the following spells:

 Spells                   Type           Power        Failure   Level  Hunger
 Throw Frost              Conj/Ice       #.....       12%         2    ###....
 Summon Ice Beast         Ice/Summ       #.......     65%         4    #####..
 Ozocubu's Armour         Chrm/Ice       #.......     26%         3    ###....
 Throw Icicle             Conj/Ice       #.......     61%         4    #####..


Dungeon Overview and Level Annotations

Branches:
Dungeon (1/15)

Altars:


Message History

Casting: Freeze (safe; 3% risk of failure)
Confirm with . or Enter, or press ? or * to list all spells.
Aiming: Freeze (safe; 3% risk of failure)
Press: ? - help, Shift-Dir - straight line, f - bat
Aim: a bat (heavily wounded)
You freeze the bat.
You kill the bat!
Your Polearms skill increases to level 1!
The kobold barely misses you.
Casting: Freeze (safe; 3% risk of failure)
Confirm with . or Enter, or press ? or * to list all spells.
Aiming: Freeze (safe; 3% risk of failure)
Press: ? - help, Shift-Dir - straight line, f - goblin
Aim: a goblin, wielding a club You freeze the goblin.
The goblin is severely wounded.
The goblin hits you with a club.
* * * LOW HITPOINT WARNING * * *
The kobold hits you with a short sword.
You die...

#........>##.8.8...###.#
#####.....^...##........##.#
..............##.###.⌠.⌠.#.#
####..........##.#.#.....#.#
###..........##.'<#..8..'.#
..............##.#.#.....###
####.#........##.###.⌠.⌠.#
...#.......(##........##
#.........@..##.8.8...##
#..........Kg(##..8...##
..............##.8.8.##
..........)..##.....#
.............########
...........# ...........
..#####...%. .. #......


You could see a goblin and a kobold.

Vanquished Creatures
  A dart slug (D:1)
  2 leopard geckos (D:1)
  A ball python (D:1)
  2 giant cockroaches (D:1)
  2 goblins (D:1)
  3 hobgoblins (D:1)
  2 jackals (D:1)
  A kobold (D:1)
  8 bats (D:1)
  A frilled lizard (D:1)
  A rat (D:1)
24 creatures vanquished.

Notes
Turn   | Place    | Note
-------+----------+-------------------------------------------
     0 | D:1      | Tallim the Merfolk Ice Elementalist began the quest for the Orb.
     0 | D:1      | Reached XP level 1. HP: 13/13 MP: 3/3
   255 | D:1      | Reached XP level 2. HP: 17/19 MP: 0/5
   317 | D:1      | Reached skill level 4 in Ice Magic
   542 | D:1      | Reached XP level 3. HP: 21/24 MP: 6/6
   964 | D:1      | Reached skill level 1 in Polearms
   965 | D:1      | Slain by a kobold

Vault maps used:
D:1:      ncdulo_halloftheorcs

Skill      XL: |  1  2  3 |
---------------+----------+-----
Ice Magic      | 4 |  4.2
Polearms       | 1 |  1.1
Dodging        | |  2.6
Stealth        | |  2.4
Spellcasting   | |  2.2
Conjurations   | |  0.7

Action                   || total
-------------------------++-------
Melee: Unarmed           ||    20
       Spear             ||    34
 Cast: Freeze            ||    26
 Stab: Sleeping          ||     3
  Eat: Chunk             ||     1
Armor: Robe              ||    15
Dodge: Dodged            ||    62

Table legend:
 A = Spawn XP
 B = Non-spawn XP
 C = Spawn XP percentage of total XP
 D = Spawn monster count
 E = Non-spawn monster count
 F = Spawn count percentage of total count
 G = Total turns spent on level
                    A         B        C        D         E        F      G
               +---------+---------+-------+---------+---------+-------+---------
         Total |       0 |      46 |   0.0 |       0 |      24 |   0.0 |   965
               +---------+---------+-------+---------+---------+-------+---------
           D:1 |       0 |      46 |   0.0 |       0 |      24 |   0.0 |   965
               +---------+---------+-------+---------+---------+-------+---------
